 Dungeon Crawl Stone Soup version 0.21-a0-264-g3e31e41 (webtiles) character file.

1355 Leszczynek the Grappler (level 8, 12/79 HPs)
             Began as a Troll Skald on Sept 8, 2017.
             Was a Follower of Makhleb.
             Quit the game on level 7 of the Dungeon.
             The game lasted 00:08:30 (1471 turns).

Leszczynek the Grappler (Troll Skald)               Turns: 1471, Time: 00:08:30

Health: 12/79      AC:  5    Str: 24 (25) XL:     8   Next: 37%
Magic:  8/8        EV: 10    Int:  7 (10) God:    Makhleb [*.....]
Gold:   132        SH:  0    Dex:  7 (10) Spells: 6/9 levels left

rFire    . . .     SeeInvis .     - Unarmed
rCold    . . .     Gourm    +   (no shield)
rNeg     . . .     Faith    .   a - +0 robe
rPois    .         Spirit   .   (helmet restricted)
rElec    .         Reflect  .   (no cloak)
rCorr    .         Harm     .   (gloves unavailable)
MR       .....                  (boots unavailable)
Stlth    +.........             (no amulet)
HPRegen  0.63/turn              (no ring)
MPRegen  0.11/turn              (no ring)

@: mighty, lethally poisoned (12 -> -15)
A: unfitting armour, claws 3, fast metabolism 3, gourmand, regeneration 1,
shaggy fur 1, tough skin 2
a: Renounce Religion


You were on level 7 of the Dungeon.
You worshipped Makhleb.
Makhleb was aware of your devotion.
You were not hungry.

You visited 1 branch of the dungeon, and saw 7 of its levels.

You collected 132 gold pieces.

Inventory:

Hand Weapons
 f - a +4 dire flail of crushing
Missiles
 e - 7 tomahawks (quivered)
 j - 4 large rocks
Armour
 a - a +0 robe (worn)
Scrolls
 c - 2 scrolls of identify {@r1}
 g - a scroll of noise {unknown}
 h - a scroll of teleportation {unknown}
Books
 b - a book of Battle

   Spells                             Type                      Level
   a - Infusion                       Charms                       1
   b - Shroud of Golubria             Charms/Translocation         2
   c - Song of Slaying                Charms                       2
   d - Spectral Weapon                Hexes/Charms                 3
   e - Regeneration                   Charms/Necromancy            3
Comestibles
 d - 3 bread rations


   Skills:
 + Level 4.5 Fighting
 * Level 2.1 Dodging
 - Level 9.0 Unarmed Combat
 - Level 1.2 Spellcasting
 - Level 2.0 Charms


You had 6 spell levels left.
You knew the following spells:

 Your Spells              Type           Power        Failure   Level  Hunger
a - Infusion              Chrm           #...         19%         1    ##.....
b - Shroud of Golubria    Chrm/Tloc      #.........   38%         2    ###....


Dungeon Overview and Level Annotations

Branches:
Dungeon (7/15)             Temple (0/1) D:7

Altars:
Elyvilon
Makhleb
Ru
Sif Muna

Annotations:
D:5 Eustachio, Sigmund


Innate Abilities, Weirdness & Mutations

You are too large for most types of armour.
You have claws for hands.
Your metabolism is lightning-fast.
You like to eat raw meat.
Your natural rate of healing is unusually fast.
You are covered in fur. (AC +1)
You have very tough skin. (AC +2)


Message History

The killer bee stings you but does no damage.
The killer bee stings you.
You barely miss the killer bee. Your claw misses the killer bee.
The killer bee is almost dead.
You feel very sick. The killer bee misses you.
The killer bee barely misses you. x2
The killer bee stings you.
* * * LOW HITPOINT WARNING * * *
You miss the killer bee. Your claw misses the killer bee.
The killer bee is almost dead.
* * * LOW HITPOINT WARNING * * *
You feel very sick. The killer bee stings you.
* * * LOW HITPOINT WARNING * * *
You are more poisoned.
The killer bee poisons you! The killer bee barely misses you. x2
Unknown command.
You aren't carrying any potions.
Unknown command.
Are you sure you want to abandon this character and quit the game? (Confirm with "yes".)

#### .... ##..# #####
.... #...# #...# .....
...#########...#
....#####'##.......#...#
#.................#'###
#.........>......<.....
#......................
#.....@y...##'####.....
....)..##y####.....#.....
....... y.. #.....######
....... ...##.....# #
....... ...##.....# #
....... ...##.....# #
....... #####.....# #
....... .......


You could see 3 killer bees.

Vanquished Creatures
  Edmund (D:5)
  A water moccasin (D:4)
  A phantom (D:7)
  2 centaurs (D:5)
  2 bullfrogs
  A scorpion (D:4)
  6 killer bees
  A water moccasin skeleton (D:4)
  A howler monkey (D:4)
  A crimson imp (D:7)
  3 hounds
  A jelly (D:7)
  2 iguanas (D:7)
  A worker ant (D:7)
  A hound skeleton (D:4)
  4 gnolls (D:2)
  3 adders
  An ooze (D:1)
  A worm (D:2)
  2 dart slugs
  4 leopard geckos
  An orc (D:5)
  4 bats
  2 giant cockroaches (D:4)
  2 hobgoblins
  6 jackals
  4 kobolds
  2 ball pythons (D:2)
  2 frilled lizards
  4 goblins
67 creatures vanquished.

Notes
Turn   | Place    | Note
-------+----------+-------------------------------------------
     0 | D:1      | Leszczynek the Troll Skald began the quest for the Orb.
     0 | D:1      | Reached XP level 1. HP: 19/19 MP: 1/1
    86 | D:1      | Reached XP level 2. HP: 24/27 MP: 2/2
    90 | D:1      | Learned a level 2 spell: Shroud of Golubria
   113 | D:2      | Reached skill level 3 in Unarmed Combat
   115 | D:2      | Reached XP level 3. HP: 18/33 MP: 0/3
   172 | D:2      | Reached skill level 4 in Unarmed Combat
   274 | D:2      | Reached XP level 4. HP: 41/41 MP: 1/4
   384 | D:4      | Reached skill level 5 in Unarmed Combat
   415 | D:4      | Reached XP level 5. HP: 44/48 MP: 5/5
   428 | D:4      | Found a faded altar of an unknown god.
   428 | D:4      | Found a burning altar of Makhleb.
   435 | D:4      | Found a faded altar of an unknown god.
   437 | D:4      | Found a deep blue altar of Sif Muna.
   438 | D:4      | damn i'm tempted
   438 | D:4      | but no
   442 | D:4      | Became a worshipper of Makhleb the Destroyer
   460 | D:5      | Entered Level 5 of the Dungeon
   463 | D:5      | Noticed a water moccasin
   484 | D:4      | HP: 6/48 [water moccasin (9)]
   485 | D:4      | Killed a water moccasin
   485 | D:4      | Reached skill level 6 in Unarmed Combat
   485 | D:4      | Reached XP level 6. HP: 7/55 MP: 2/6
   507 | D:4      | HP: 11/55 [water moccasin skeleton (4)]
   579 | D:4      | Reached skill level 7 in Unarmed Combat
   685 | D:4      | Found a sacrificial altar of Ru.
   745 | D:5      | Noticed Edmund
   762 | D:5      | Reached XP level 7. HP: 33/62 MP: 7/7
   779 | D:5      | Killed Edmund
   779 | D:5      | Reached skill level 8 in Unarmed Combat
   843 | D:5      | Noticed Sigmund
   873 | D:5      | Reached skill level 2 in Fighting
   911 | D:5      | Noticed Eustachio
  1113 | D:6      | Reached skill level 3 in Fighting
  1154 | D:7      | Reached XP level 8. HP: 62/75 MP: 3/8
  1288 | D:7      | Reached skill level 4 in Fighting
  1300 | D:7      | Reached * piety under Makhleb
  1323 | D:7      | Found a staircase to the Ecumenical Temple.
  1378 | D:7      | Reached skill level 9 in Unarmed Combat
  1395 | D:7      | Found a white marble altar of Elyvilon.
  1462 | D:7      | Reached skill level 2 in Dodging
  1470 | D:7      | HP: 12/79 [killer bee (4)]
  1471 | D:7      | Quit the game

Vault maps used:
D:1:      saegor_arrival_simple_c, st_stairs_14
D:2:      serial_forest, infiniplex_forest_lined_2, infiniplex_forest_zigzag_1,
          infiniplex_forest_pool, infiniplex_forest_clump_long,
          infiniplex_forest_clump_C, infiniplex_forest_clump_curved,
          infiniplex_forest_lined_2, infiniplex_forest_lined_3,
          infiniplex_forest_corner_1, uniq_crazy_yiuf_cottage
D:3:      first_bread, corner_web_ring, minmay_stone_trees_medium
D:4:      chequers_temple_overflow_minitemple, kennysheep_little_box
D:5:      marbit_many_paths, minmay_holes, minmay_misc_feat_iff, uniq_eustachio,
          uniq_edmund, uniq_sigmund
D:6:      overflow_temple_1_default
D:7:      minmay_temple_entry_hall, kennysheep_flooded_box

Skill      XL: |  1  2  3  4  5  6  7  8 |
---------------+-------------------------+-----
Unarmed Combat | 3 4 5 6 7 8 9 |  9.0
Fighting       | 3 4 |  4.5
Dodging        | 2 |  2.1
Spellcasting   | |  1.2
Charms         | |  2.0

Action                   |  1- 3 |  4- 6 |  7- 9 || total
-------------------------+-------+-------+-------++-------
Melee: Unarmed           |    68 |    75 |    94 ||   237
       Punch             |     2 |       |     1 ||     3
 Cast: Shroud of Golubri |     2 |     4 |     3 ||     9
  Use: Potion            |       |     1 |     2 ||     3
       Scroll            |       |       |     3 ||     3
  Eat: Chunk             |     8 |     4 |     2 ||    14
Armor: Robe              |    19 |    30 |    23 ||    72
Dodge: Dodged            |    38 |    41 |    64 ||   143

Table legend:
 A = Spawn XP
 B = Non-spawn XP
 C = Spawn XP percentage of total XP
 D = Spawn monster count
 E = Non-spawn monster count
 F = Spawn count percentage of total count
 G = Total turns spent on level
                    A         B        C        D         E        F      G
               +---------+---------+-------+---------+---------+-------+---------
         Total |       0 |    1937 |   0.0 |       0 |      67 |   0.0 |  1471
               +---------+---------+-------+---------+---------+-------+---------
           D:1 |       0 |      17 |   0.0 |       0 |       6 |   0.0 |    93
           D:2 |       0 |      92 |   0.0 |       0 |      17 |   0.0 |   199
           D:3 |       0 |      13 |   0.0 |       0 |       7 |   0.0 |    71
           D:4 |       0 |     492 |   0.0 |       0 |      11 |   0.0 |   303
           D:5 |       0 |     460 |   0.0 |       0 |       9 |   0.0 |   376
           D:6 |       0 |     174 |   0.0 |       0 |       3 |   0.0 |   101
           D:7 |       0 |     689 |   0.0 |       0 |      14 |   0.0 |   328
               +---------+---------+-------+---------+---------+-------+---------
